 Dungeon Crawl Stone Soup version 0.23.0 (webtiles) character file.

Game seed: 11675618144925744060

25 Monsterracer the Chopper (level 2, -1/40 HPs)
             Began as a Minotaur Berserker on Feb 18, 2019.
             Was a Follower of Trog.
             Slain by Sigmund
             ... wielding a +2 scythe of freezing
              (4 damage)
             ... on level 2 of the Dungeon.
             The game lasted 00:00:31 (508 turns).

Monsterracer the Chopper (Minotaur Berserker)        Turns: 508, Time: 00:00:32

Health: -1/40      AC:  2    Str: 26    XL:     2   Next: 82%
Magic:  1/1        EV: 12    Int:  4    God:    Trog [*.....]
Gold:   30         SH:  0    Dex:  9    Spells: 1/1 levels left

rFire    . . .     SeeInvis .   a - +0 hand axe
rCold    . . .     Gourm    .   (no shield)
rNeg     . . .     Faith    .   b - +0 animal skin
rPois    .         Spirit   .   (helmet restricted)
rElec    .         Reflect  .   (no cloak)
rCorr    .         Harm     .   (no gloves)
MR       .....                  (no boots)
Stlth    ..........             g - amulet of magic regeneration
HPRegen  0.13/turn              (no ring)
MPRegen  0.32/turn              (no ring)

@: berserking, very quick
A: retaliatory headbutt, horns 2
a: Berserk, Renounce Religion


You were on level 2 of the Dungeon.
You worshipped Trog.
Trog was aware of your devotion.
You were hungry.

You visited 1 branch of the dungeon, and saw 2 of its levels.

You collected 30 gold pieces.

Inventory:

Hand Weapons
 a - a +0 hand axe (weapon)
Armour
 b - a +0 animal skin (worn)
Jewellery
 g - an amulet of magic regeneration (around neck)
Scrolls
 f - a scroll of enchant armour {unknown}
Potions
 d - a potion of curing {unknown}
 e - a potion of ambrosia {unknown}
Comestibles
 c - a ration


   Skills:
 + Level 4.0 Fighting
 * Level 4.5 Axes
 + Level 2.6 Armour
 - Level 2.1 Dodging


You had one spell level left.
You didn't know any spells.
Your spell library was empty.

Dungeon Overview and Level Annotations

Branches:
Dungeon (2/15)

Altars:

Annotations:
D:2 Sigmund


Innate Abilities, Weirdness & Mutations

You reflexively headbutt those who attack you in melee.
You have a pair of horns on your head.


Message History

Found 9 gold pieces, a ration and a smoky white potion.
You take 4 damage, and have 23/27 hp.
You slash the worm!
The worm is heavily wounded.
You hit the worm.
The worm is almost dead.
The worm bites you.
You take 6 damage, and have 18/27 hp.
MASSIVE DAMAGE!!
You are too injured to fight recklessly!
You barely miss the worm. You headbutt the worm.
The worm is almost dead.
The worm bites you.
You are too injured to fight recklessly!
You take 1 damage, and have 17/27 hp.
You are too injured to fight recklessly!
You slash the worm!
You kill the worm!
Trog accepts your kill.
Your Fighting skill increases to level 4!
A jackal comes into view.
You regained 2 hp, and now have 19/27 hp.
A jackal is nearby!
A jackal is nearby!
The jackal barks!
You hear a bark!
A jackal comes into view.
You barely miss the jackal. The jackal closely misses you.
You closely miss the jackal. Your headbutt misses the jackal.
The jackal misses you. You furiously retaliate!
You headbutt the jackal, but do no damage.
A jackal comes into view.
You closely miss the jackal.
The jackal barks!
You hear a shout!
You hear an angry hiss.
You barely miss the jackal. The jackal bites you. x2
A goblin comes into view. It is wielding a -2 club.
You are too injured to fight recklessly!
You take 4 damage, and have 16/27 hp.
You are too injured to fight recklessly!
You hit the jackal.
The jackal is severely wounded.
The jackal closely misses you.
You are too injured to fight recklessly!
You slash the jackal!
You kill the jackal!
Trog accepts your kill.
A ball python comes into view.
You are too injured to fight recklessly!
You hit the jackal but do no damage. Your headbutt misses the jackal.
The jackal barely misses you. The jackal bites you.
You take 2 damage, and have 14/27 hp.
You barely miss the jackal. The jackal barely misses you.
You hit the jackal.
You headbutt the jackal, but do no damage.
The jackal is severely wounded.
The jackal barely misses you. The jackal misses you. You furiously retaliate!
You headbutt the jackal!
You kill the jackal!
Trog accepts your kill. The jackal bites you.
* * * LOW HITPOINT WARNING * * *
You see here a jackal corpse.
You take 3 damage, and have 11/27 hp.
You hit the jackal but do no damage. The jackal misses you.
You furiously retaliate!
You headbutt the jackal!
You kill the jackal!
Trog accepts your kill.
You barely miss the goblin. You closely miss the ball python.
The goblin hits you with a cursed -2 club.
* * * LOW HITPOINT WARNING * * *
The ball python closely misses you. You furiously retaliate!
You headbutt the ball python!
You kill the ball python!
Trog accepts your kill.
You slash the goblin!
You kill the goblin!
Trog accepts your kill.
Sigmund the Dreaded comes into view.
He is wielding a +2 scythe of freezing.
You take 1 damage, and have 10/27 hp.
Sigmund shouts!
Sigmund hits you with a +2 scythe of freezing.
* * * LOW HITPOINT WARNING * * *
Sigmund freezes you.
* * * LOW HITPOINT WARNING * * *
Found 14 stones.
Things that are here:
a cursed -2 club; a scroll labeled XAT CIARAECAGY; a jackal corpse You take 8 damage, and have 2/27 hp.
MASSIVE DAMAGE!!
A red film seems to cover your vision as you go berserk!
You feel yourself moving faster!
You feel mighty!
You are feeling hungry.
Sigmund closely misses you.
You now have 3/40 hp.
What are your orders? t - Shout!
Anything else - Cancel.
You shout wildly!
You feel a strong urge to attack something.
What are your orders? t - Shout!
Anything else - Cancel.
You shout wildly!
Sigmund hits you with a +2 scythe of freezing.
You die...

### ... #########
#.##..!.....
#.........
#.(@...# #@#
########## #†# #
.........####.#.#
##....<......#
#.....)....#.#
#..##.####.#.#
#..##.# #...#
#..##.# #.....
#..#..# #$......


You could see Sigmund.

Vanquished Creatures
  A worm (D:2)
  A dart slug (D:1)
  A leopard gecko (D:2)
  A giant cockroach (D:1)
  2 goblins
  7 jackals
  A ball python (D:2)
  A bat (D:1)
  A kobold (D:1)
  A rat (D:1)
17 creatures vanquished.

Notes
Turn   | Place    | Note
-------+----------+-------------------------------------------
     0 | D:1      | Monsterracer the Minotaur Berserker began the quest for the
                  | Orb.
     0 | D:1      | Reached XP level 1. HP: 19/19 MP: 0/0
    82 | D:1      | HP: 9/20 [jackal (2)]
   275 | D:1      | Reached XP level 2. HP: 27/27 MP: 1/1
   501 | D:2      | HP: 11/27 [jackal (3)]
   504 | D:2      | Noticed Sigmund
   505 | D:2      | HP: 5/27 [Sigmund/+2 scythe of freezing (5)]
   505 | D:2      | HP: 2/27 [Sigmund/+2 scythe of freezing (3)]
   508 | D:2      | Slain by Sigmund

Skill      XL: |  1  2 |
---------------+-------+-----
Axes           | 4 |  4.5
Fighting       | 4 |  4.0
Armour         | |  2.6
Dodging        | |  2.1

Action                   || total
-------------------------++-------
Melee: Hand axe          ||    34
       Headbutt          ||     4
Invok: Berserk           ||     2
 Stab: Sleeping          ||     2
Armor: Animal skin       ||     5
Dodge: Dodged            ||    24

Levels and vault maps discovered:
D:1:      mushboom_english_gardens, layout_basic, minmay_tromino_v4_a
D:2:      layout_loops_ring, uniq_sigmund
